 Dungeon Crawl Stone Soup version 0.27-a0-1200-g94dc6ad4cf (webtiles) character file.

Game seed: 8500684787456079213

577 Froggeryz the Caller (level 7, -1/46 HPs)
             Began as a Mummy Summoner on June 1, 2021.
             Was an Initiate of Ru.
             Shot with an arrow by a centaur (11 damage)
             ... on level 6 of the Dungeon.
             The game lasted 00:11:37 (6556 turns).

Froggeryz the Caller (Mummy Summoner)               Turns: 6556, Time: 00:11:37

Health: -1/46      AC:  4    Str: 11    XL:     7   Next: 13%
Magic:  5/13       EV: 12    Int: 22    God:    Ru [......]
Gold:   298        SH:  0    Dex: 13    Spells: 4/14 levels left

rFire    . . .     SeeInvis .   e - +3 dagger
rCold    + . .     Faith    .   (no shield)
rNeg     + + +     Spirit   .   h - +1 robe {rF+}
rPois    ∞         Reflect  .   (no helmet)
rElec    .         Harm     .   (no cloak)
rCorr    +         Rampage  .   (no gloves)
Will     .....                  j - +0 pair of boots
Stlth    ++........             (no amulet)
HPRegen  0.15/turn              b - +6 ring of intelligence
MPRegen  0.13/turn              k - ring of resist corrosion

@: no status effects
A: cold resistance 1, negative energy resistance 3, torment resistance 2, heat
vulnerability 1, no potions
a: Renounce Religion


You were on level 6 of the Dungeon.
You worshipped Ru.
Ru was noncommittal.
You visited 2 branches of the dungeon, and saw 7 of its levels.

You collected 298 gold pieces.

Inventory:

Hand Weapons
 e - a +3 dagger (weapon)
Armour
 h - a +1 robe of fire resistance (worn)
 j - a +0 pair of boots (worn)
Jewellery
 b - a +6 ring of intelligence (left hand)
 k - a ring of resist corrosion (right hand)
Wands
 i - a wand of flame (18)
 l - a wand of iceblast (10)
Scrolls
 a - a scroll of teleportation {unknown}
 c - a scroll of amnesia {unknown}
 d - 6 scrolls of identify {unknown}
 f - a scroll of enchant weapon {unknown}
 g - a scroll of noise {unknown}
 m - a scroll of blinking {unknown}


   Skills:
 - Level 1.5 Dodging
 - Level 1.5 Stealth
 + Level 4.0 Spellcasting
 * Level 6.5 Summonings
 * Level 1.8 Ice Magic


You had 4 spell levels left.
You knew the following spells:

 Your Spells              Type           Power      Damage    Failure   Level
a - Summon Small Mammal   Summ           100%       N/A       1%          1
b - Call Imp              Summ           33%        N/A       1%          2
c - Call Canine Familiar  Summ           33%        N/A       2%          3
d - Summon Ice Beast      Ice/Summ       22%        N/A       21%         4

Your spell library contained the following spells:

 Spells                   Type           Power      Damage    Failure   Level
 Summon Guardian Golem    Hex/Summ       18%        N/A       9%          3
 Summon Lightning Spire   Summ/Air       18%        N/A       28%         4


Dungeon Overview and Level Annotations

Branches:
Dungeon (6/15)             Temple (1/1) D:5

Altars:
Ashenzari
Cheibriados
Dithmenos
Elyvilon
Fedhas
Gozag
Makhleb
Nemelex Xobeh
Ru
Sif Muna
Trog
Wu Jian
Xom
Yredelemnul
Zin
The Shining One

Shops:
D:1 !


Innate Abilities, Weirdness & Mutations

You are immune to poison.
Your flesh is cold resistant. (rC+)
You are immune to negative energy. (rN+++)
You are immune to unholy pain and torment.
You are vulnerable to heat. (rF-)
You do not drink.


Message History

Your crimson imp hits the centaur but does no damage.
The centaur unwields a +0 shortbow.
The centaur hits your crimson imp.
Your crimson imp dies!
The centaur wields a +0 shortbow.
The centaur shoots an arrow.
The arrow hits you.
Casting: Call Canine Familiar (dangerous; 2% risk of failure)
Confirm with . or Enter, or press ? or * to list all spells.
The centaur shoots an arrow.
The arrow hits you.
The centaur shoots an arrow.
The arrow hits you!
The centaur shoots an arrow.
The arrow hits you!
You swap places.
The centaur shoots an arrow.
The arrow closely misses your hound. The arrow barely misses you.
The centaur shoots an arrow.
The arrow misses your hound. The arrow closely misses you.
Your hound bites the centaur.
The centaur shoots an arrow.
The arrow barely misses your hound. The arrow hits you!
Casting: Call Canine Familiar (dangerous; 2% risk of failure)
Confirm with . or Enter, or press ? or * to list all spells.
A beastly little devil appears in a puff of flame.
Your hound bites the centaur.
The centaur shoots an arrow.
The arrow misses your hound. The arrow misses your crimson imp.
The arrow hits you.
Casting: Call Imp (safe; 1% risk of failure)
Confirm with . or Enter, or press ? or * to list all spells.
A beastly little devil appears in a puff of frigid air.
Your hound bites the centaur but does no damage.
The centaur shoots an arrow.
The arrow barely misses your hound. The arrow hits your crimson imp!
Your hound barely misses the centaur.
The centaur unwields a +0 shortbow.
The centaur closely misses your hound. The centaur kicks your hound.
Your hound bites the centaur.
The centaur wields a +0 shortbow.
The centaur shoots an arrow.
The arrow barely misses your hound.
The arrow closely misses your crimson imp.
The arrow hits you.
* * * LOW HITPOINT WARNING * * *
Your hound bites the centaur.
The centaur shoots an arrow.
The arrow closely misses your hound.
The arrow completely misses your crimson imp.
The arrow hits you!
You die...

# # .. #.. ##. .## ## #..
#.s. ..5# #..
..c..#####z...Z #..
#....s....# #.. #c# #.#
###.# ### .. ...#.#
#.#z#######.####.# #.....
#..sch5.@.#.##.... <.....
#.#######5#.##.#.# #..##.
#.# #.#.##.#.# #..##. #.#
#.#.##.#.# ...##. #.#
#####.#.##.#.###..##. #.#
#.......5............
#...........#.....######.
#####.##....#..#†.######.
# #.................


You could see a centaur (ally target), a scorpion, a wight, a friendly hound
(summoned), a friendly crimson imp (summoned) and a friendly white imp
(summoned).

Vanquished Creatures
  A howler monkey skeleton (D:5)
  A shadow imp (D:5)
  A worm (D:5)
  2 orcs (D:3)
  A bat (D:2)
  3 endoplasms
  3 giant cockroaches
  A goblin (D:3)
  A hobgoblin (D:3)
  A kobold (D:3)
  A quokka (D:3)
  2 ball pythons (D:4)
  A frilled lizard (D:2)
  4 rats
23 creatures vanquished.

Vanquished Creatures (collateral kills)
  Sigmund (D:2)
  A black bear (D:5)
  2 necrophages (D:6)
  2 ogres
  A water moccasin skeleton (D:3)
  An orc priest (D:2)
  2 hounds (D:5)
  2 bullfrog skeletons
  A centaur skeleton (D:4)
  A jelly (D:4)
  2 iguanas (D:4)
  A scorpion zombie (D:5)
  An adder (D:4)
  A white imp (D:5)
  An adder skeleton (D:4)
  2 worms
  2 dart slugs
  6 orcs
  5 endoplasms
  10 goblins
  4 hobgoblins
  6 ball pythons
  2 bats (D:2)
  A frilled lizard (D:1)
  5 kobolds
  3 rats
  A spectral orc (D:5)
67 creatures vanquished.

Vanquished Creatures (others)
  4 toadstools (D:1)
4 creatures vanquished.

Grand Total: 94 creatures vanquished

Notes
Turn   | Place    | Note
-------+----------+-------------------------------------------
     0 | D:1      | Froggeryz the Mummy Summoner began the quest for the Orb.
     0 | D:1      | Reached XP level 1. HP: 13/13 MP: 4/4
   105 | D:1      | Found Demurycs's Distillery.
   958 | D:1      | Reached XP level 2. HP: 19/19 MP: 1/5
  1378 | D:1      | Learned a level 2 spell: Call Imp
  1634 | D:2      | Noticed Sigmund
  1707 | D:2      | Reached skill level 4 in Summonings
  1727 | D:2      | Killed Sigmund
  1728 | D:2      | Reached XP level 3. HP: 8/24 MP: 1/7
  1728 | D:2      | Reached XP level 4. HP: 10/30 MP: 1/8
  2195 | D:3      | Reached skill level 5 in Summonings
  2409 | D:3      | Learned a level 3 spell: Call Canine Familiar
  3010 | D:3      | Noticed an ogre
  3102 | D:3      | Killed an ogre
  3103 | D:3      | Reached XP level 5. HP: 35/35 MP: 1/9
  3470 | D:3      | Found a sparkling altar of Nemelex Xobeh.
  3934 | D:4      | Noticed an ogre
  4428 | D:4      | Found a sacrificial altar of Ru.
  4443 | D:4      | Reached XP level 6. HP: 37/41 MP: 6/10
  4541 | D:4      | Reached skill level 6 in Summonings
  4832 | D:4      | Found a snail-covered altar of Cheibriados.
  5005 | D:5      | Entered Level 5 of the Dungeon
  5011 | D:5      | Learned a level 4 spell: Summon Ice Beast
  5160 | D:5      | Found a staircase to the Ecumenical Temple.
  5185 | Temple   | Entered the Ecumenical Temple
  5396 | D:4      | Became a worshipper of Ru the Awakened
  5705 | D:5      | Found a basalt altar of Yredelemnul.
  5915 | D:5      | Reached skill level 1 in Ice Magic
  6399 | D:6      | Reached XP level 7. HP: 31/46 MP: 5/13
  6556 | D:6      | Shot with an arrow by a centaur

Illustrated notes

Levels and vault maps discovered:
D:1:      ldierk_walled_garden_2, layout_loops_cross, serial_shops, shop,
          minmay_misc_feat_room, minivault_23
D:2:      layout_rooms, minmay_heptomino_h4, uniq_sigmund
D:3:      layout_rooms, lemuel_doored_altar, nemelex_dance_club_becter,
          skrybe_limestone_x
D:4:      layout_loops_cross, kennysheep_mini_moat, slow_altar_2,
          minmay_goblin_outpost
D:5:      layout_rooms, yredelemnul_forgotten_temple_becter,
          minmay_temple_entry_ruins
D:6:      minmay_octagon_keep, layout_basic
Temple:   jpeg_temple_clearing

Skill      XL: |  1  2  3  4  5  6 |
---------------+-------------------+-----
Summonings     | 4 5 6 |  6.5
Spellcasting   | 3 4 |  4.0
Ice Magic      | 1 |  1.8
Dodging        | |  1.5
Stealth        | |  1.5

Action                   |  1- 3 |  4- 6 |  7- 9 || total
-------------------------+-------+-------+-------++-------
Melee: Unarmed           |     7 |       |       ||     7
       Dagger            |    12 |   103 |       ||   115
 Cast: Summon Small Mamm |    50 |     7 |       ||    57
       Call Imp          |    10 |    26 |     2 ||    38
       Call Canine Famil |       |    36 |     3 ||    39
 Stab: Sleeping          |     1 |     3 |       ||     4
       Distracted        |     1 |       |       ||     1
Armor: Robe              |    13 |    37 |       ||    50
Dodge: Dodged            |    44 |    82 |     4 ||   130

Table legend: (Time is in decaauts)
 A = Elapsed time spent in this place.
 B = Non-inter-level travel time spent in this place.
 C = Inter-level travel time spent in this place.
 D = Time resting spent in this place.
 E = Time spent auto-exploring this place.
 F = Levels seen in this place.
 G = Mean time per level.
                   A        B        C        D        E       F      G
               +--------+--------+--------+--------+--------+-----+--------+
         Total |   6565 |   6328 |    237 |    955 |   4240 |   7 |  937.9 |
       Dungeon |   6422 |   6187 |    235 |    955 |   4117 |   6 | 1070.3 |
        Temple |    142 |    140 |      2 |      0 |    123 |   1 |  142.0 |
               +--------+--------+--------+--------+--------+-----+--------+

Top non-repeatable levels by time:
     D:1: 1574 daAuts
     D:3: 1283 daAuts
     D:4: 1231 daAuts
     D:2: 1006 daAuts
     D:5: 908 daAuts
     D:6: 418 daAuts
  Temple: 142 daAuts
